 Dungeon Crawl Stone Soup version 0.28.0-43-g3370ac3207 (webtiles) character file.

Game seed: 7699820756967356312

993 safid the Cleaver (level 8, -15/66 HPs)
             Began as a Hill Orc Fighter on Mar 8, 2022.
             Demolished by a two-headed ogre
             ... wielding a +0 giant club
              (21 damage)
             ... on level 9 of the Dungeon.
             The game lasted 00:08:18 (5329 turns).

safid the Cleaver (Hill Orc Fighter)                Turns: 5329, Time: 00:08:19

Health: -15/66     AC: 11    Str: 21    XL:     8   Next: 19%
Magic:  8/8        EV:  5    Int:  8    God:
Gold:   308        SH:  4    Dex: 10    Spells: 7/7 levels left

rFire   . . .      SeeInvis .   a - +1 war axe
rCold   . . .      Faith    +   c - +0 buckler
rNeg    . . .      Spirit   .   l - +0 plate armour
rPois   .          Reflect  .   (no helmet)
rElec   .          Harm     .   (no cloak)
rCorr   +          Rampage  .   (no gloves)
Will    .....                   (no boots)
Stlth   ..........              b - amulet of faith
HPRegen 0.21/turn               n - ring of resist corrosion
MPRegen 0.11/turn               (no ring)

@: no status effects
A: no striking features
a: no special abilities


You were on level 9 of the Dungeon.
You visited 1 branch of the dungeon, and saw 7 of its levels.

You collected 308 gold pieces.

Inventory:

Hand Weapons
 a - a +1 war axe (weapon)
Missiles
 h - 7 poisoned darts (quivered)
Armour
 c - a +0 buckler (worn)
 l - a +0 plate armour (worn)
Jewellery
 b - an amulet of faith (around neck)
 n - a ring of resist corrosion (left hand)
Scrolls
 e - a scroll of magic mapping {unknown}
 g - 2 scrolls of fog
 o - 2 scrolls of teleportation
 q - 3 scrolls of enchant armour
Potions
 d - a potion of might
 i - a potion of mutation {unknown}
 j - 2 potions of curing
 k - a potion of cancellation
 m - a potion of magic {unknown}
 r - 2 potions of brilliance {unknown}


   Skills:
 - Level 4.0 Fighting
 + Level 11.5 Axes
 - Level 4.0 Armour
 - Level 4.0 Shields


You had 7 spell levels left.
You didn't know any spells.
Your spell library was empty.

Dungeon Overview and Level Annotations

Branches:
Dungeon (6/15)               Lair (0/6) D:9
 Temple: D:4-7

Altars:
Cheibriados
The Shining One

Shops:
D:2 [

Annotations:
D:9 Joseph


Message History

The orc wizard flickers and vanishes!
Deactivating autopickup; reactivate with Ctrl-A.
The orc warrior barely misses you.
You feel better. The orc warrior barely misses you.
Joseph and a two-headed ogre come into view.
Joseph is wielding a +0 quarterstaff and carrying a wand of iceblast (7).
Found a robe.
The two-headed ogre shouts in stereo!
You hear an angry buzzing noise.
Joseph unwields a +0 quarterstaff.
Joseph wields a +2 hunting sling of freezing.
It is covered in frost.
Joseph shoots a sling bullet.
The sling bullet hits you but does no damage.
You closely miss the orc warrior. You slash the two-headed ogre!
You barely miss the orc wizard.
The orc wizard hits you but does no damage.
You block the two-headed ogre's attack.
The two-headed ogre hits you with a +0 giant club!!
The orc warrior hits you but does no damage.
You slash the orc wizard!
The orc wizard is heavily wounded.
You hit the two-headed ogre.
You hit the orc warrior but do no damage.
The orc wizard casts a spell at you. You resist with some effort.
The two-headed ogre hits you with a +0 giant club!!
* * * LOW HITPOINT WARNING * * *
The two-headed ogre barely misses you.
A hornet comes into view.
The orc warrior hits you but does no damage.
As you read the scroll labelled VOOKHL YMIR, it crumbles to dust.
It is a scroll of enchant weapon.
Your +0 war axe glows red for a moment.
The orc wizard hits you but does no damage.
The orc warrior hits you with a +0 mace!
* * * LOW HITPOINT WARNING * * *
The two-headed ogre hits you with a +0 giant club.
* * * LOW HITPOINT WARNING * * *
The two-headed ogre hits you with a +0 giant club!!
You die...

#.#. ... o.## ..#
+##.#####
###.).....#
###.......>.#
###o......>......
#.@o.####........
#..O####
>.....#.. #.....
####### # #.....
#..@... #......
....... ......[


You could see Joseph, a two-headed ogre, an orc warrior and an orc wizard.

Vanquished Creatures
  2 ogres (D:5)
  2 centaurs (D:5)
  A phantom (D:5)
  A bullfrog (D:5)
  A water moccasin zombie (D:5)
  A scorpion (D:5)
  3 wights (D:6)
  A hound (D:5)
  A centaur skeleton (D:5)
  An iguana (D:6)
  An orc wizard (D:3)
  A howler monkey skeleton (D:4)
  9 adders
  A shadow imp (D:6)
  An ufetubus (D:5)
  6 orcs
  8 endoplasms
  3 giant cockroaches
  5 goblins
  8 hobgoblins
  5 jackals
  2 quokkas
  4 ball pythons
  7 bats
  6 frilled lizards
  10 kobolds
  8 rats
99 creatures vanquished.

Vanquished Creatures (others)
  8 fungi (D:5)
  2 plants (D:4)
  4 toadstools (D:5)
14 creatures vanquished.

Grand Total: 113 creatures vanquished

Notes
Turn   | Place    | Note
-------+----------+-------------------------------------------
     0 | D:1      | safid the Hill Orc Fighter began the quest for the Orb.
     0 | D:1      | Reached XP level 1. HP: 19/19 MP: 1/1
     0 | D:1      | Noticed a barachi
     1 | D:1      | Noticed an ogre
     5 | D:1      | Noticed a vine stalker
     5 | D:1      | Noticed an ogre
     7 | D:1      | Noticed a barachi
     8 | D:1      | Noticed a felid
     9 | D:1      | Noticed a naga
    10 | D:1      | Noticed a spriggan
    12 | D:1      | Noticed a troll
    14 | D:1      | Noticed a merfolk
    14 | D:1      | Noticed an octopode
    16 | D:1      | Noticed a merfolk
    16 | D:1      | Noticed a human
    18 | D:1      | Noticed a minotaur
    20 | D:1      | Noticed a dwarf
    20 | D:1      | Noticed a formicid
    22 | D:1      | Noticed an ogre
   255 | D:1      | Reached XP level 2. HP: 25/27 MP: 2/2
   306 | D:1      | Reached skill level 3 in Axes
   876 | D:2      | Reached XP level 3. HP: 33/33 MP: 3/3
  1118 | D:2      | Reached XP level 4. HP: 40/40 MP: 4/4
  1182 | D:2      | Found Reuled's Antique Armour Shoppe.
  1294 | D:2      | Found a faded altar of an unknown god.
  1296 | D:2      | Reached skill level 4 in Axes
  1712 | D:2      | Found a glowing golden altar of the Shining One.
  2262 | D:3      | Reached skill level 5 in Axes
  2290 | D:3      | Reached XP level 5. HP: 27/46 MP: 5/5
  3494 | D:4      | Reached skill level 6 in Axes
  3922 | D:5      | Entered Level 5 of the Dungeon
  3971 | D:5      | Noticed a phantom
  3984 | D:5      | Killed a phantom
  3985 | D:5      | Reached skill level 7 in Axes
  3985 | D:5      | Reached XP level 6. HP: 43/52 MP: 6/6
  4103 | D:5      | Found a snail-covered altar of Cheibriados.
  4207 | D:5      | Reached skill level 8 in Axes
  4225 | D:5      | Reached skill level 9 in Axes
  4225 | D:5      | Reached XP level 7. HP: 27/59 MP: 7/7
  4585 | D:5      | Reached skill level 10 in Axes
  4899 | D:6      | Reached skill level 11 in Axes
  4899 | D:6      | Reached XP level 8. HP: 50/66 MP: 8/8
  5312 | D:6      | You fall into a shaft and drop 3 floors!
  5312 | D:9      | Found a staircase to the Lair.
  5326 | D:9      | Noticed Joseph
  5326 | D:9      | Noticed a two-headed ogre
  5328 | D:9      | Noticed a hornet
  5329 | D:9      | Demolished by a two-headed ogre

Illustrated notes

Levels and vault maps discovered:
D:1:      shiori_arrival_whats_in_store_for_you, layout_basic
D:2:      layout_loops_ring, hellmonk_ecumenical_altar_crossroads, basic_altar,
          serial_shops, shop, minmay_door_square, bh_walls_and_bars
D:3:      layout_basic
D:4:      layout_basic, guppyfry_early_lair_pool
D:5:      layout_basic, cheibriados_altar_1, minmay_gold_behind_fungi
D:6:      layout_basic
D:9:      minmay_the_grid_four_pointed_star_mashed
          [minmay_the_grid_triangle_9x9_negative_grid,
          minmay_the_grid_triangle_9x9_tough_junction,
          minmay_the_grid_triangle_9x9_semitri,
          minmay_the_grid_triangle_9x9_wacky_v,
          minmay_the_grid_prize_four_corners], layout_rooms,
          makhleb_altar_promises_db, minmay_misc_feat_tiny, uniq_grum,
          uniq_joseph

Skill      XL: |  1  2  3  4  5  6  7 |
---------------+----------------------+-----
Axes           | 3 5 7 9 11 | 11.5
Fighting       | 4 |  4.0
Armour         | 4 |  4.0
Shields        | 4 |  4.0

Action                   |  1- 3 |  4- 6 |  7- 9 || total
-------------------------+-------+-------+-------++-------
Melee: War axe           |    65 |   196 |    68 ||   329
Throw: Dart              |       |       |     4 ||     4
  Use: Potion            |       |     1 |     1 ||     2
       Scroll            |       |       |     5 ||     5
Armor: Scale mail        |    38 |    25 |       ||    63
       Plate armour      |       |   109 |    39 ||   148
Dodge: Dodged            |    42 |    66 |    14 ||   122
Block: Buckler           |    10 |    44 |    14 ||    68
